AoeStats
← Der Sprudel

Arabian Desert

508613232Analyzed
1v1 RM · 9d ago on Sep 23, 2026· 52m 39s· 2 players
Game mode
Random Map
Map size
Tiny (2 player)
Population
200
Speed
Normal
Resources
Standard
Victory
Conquest
Starting age
Dark Age
Ending age
Imperial Age
RankedLock teamsTeams togetherTeam positionsShared explorationLock speedFull tech treeHidden civsTurbo modeCheats
Victory
Defeat
🇩🇪 Wei · Germany
1239
+14
🇹🇷 Burgundians · Türkiye
1185
-14
TahRibat
7:41 Loom
9:51 Feudal Age
8:12 Double-Bit Axe
10:47 Bow Saw
18:50 Castle Age
17:50 Gold Mining
19:24 Scale Mail Armor
20:28 Chain Mail Armor
21:38 Forging
26:39 Ballistics
27:23 Iron Casting
29:35 Cavalier
30:48 Scale Barding Armor
30:59 Husbandry
34:25 Fletching
37:38 Chain Barding Armor
39:10 Two-Man Saw
37:58 Horse Collar
41:30 Bodkin Arrow
42:21 Wheelbarrow
49:04 Imperial Age
46:51 Hand Cart
47:24 Heavy Plow
48:20 Padded Archer Armor
49:53 Crop Rotation
49:50 Paladin
51:56 Plate Barding Armor
Der Sprudel
7:06 Loom
9:28 Feudal Age
10:14 Double-Bit Axe
11:04 Horse Collar
20:54 Castle Age
21:09 Scale Barding Armor
22:45 Bow Saw
22:49 Fletching
23:42 Bodkin Arrow
25:05 Chain Barding Armor
27:53 Wheelbarrow
27:04 Town Watch
28:48 Bloodlines
31:40 Gold Mining
31:55 Heavy Plow
34:56 Forging
35:29 Hand Cart
35:13 Stone Mining
36:45 Iron Casting
39:14 Imperial Age
39:57 Bracer
39:20 Heavy Hei Guang Cavalry
40:58 Crop Rotation
40:43 Husbandry
42:22 Blast Furnace
41:23 Padded Archer Armor
40:46 Pikeman
41:27 Squires
43:09 Halberdier
43:50 Scale Mail Armor
47:01 Conscription
47:26 Ming Guang Armor
47:30 Masonry
47:42 Chain Mail Armor
49:35 Hoardings
Connection lost

Rejoining the realm…

Still unreachable

The connection could not be restored.

Session expired

The server has moved on; the page needs a fresh start.